Cogmind - Beta 14 @@@ ROGUE MODE // 2024.11.19 @ 19:37:01 Player: BEEEEES Result: Self-destructed Performance ------------- Evolutions (1) 500 Regions Visited (3) 600 Robots Destroyed (22) 110 Value Destroyed (333) 333 Prototype IDs (1) 20 Alien Tech Used (0) 0 Bonus (0) 0 TOTAL SCORE: 1563 Bonus ------- None Cogmind --------- Core Integrity 363/400 Matter 248/300 Energy 14/100 System Corruption 2% Temperature Cool (0) Movement Rolling (100) Location -9/Storage Parts ------- > --- POWER (1) -------- (None) > --- PROPULSION (2) --- Light Treads Compact Wheel > --- UTILITY (4) ------ Small Storage Unit Structural Scanner Experimental Targeting Computer ECM Suite > --- WEAPON (2) ------- Medium Laser Light Assault Rifle > --- INVENTORY (8) ---- Compact Wheel Compact Wheel Core Shielding Hardened Light Armor Plating Mining Laser Peak State ------------ > --- POWER ------------ Ion Engine > --- PROPULSION ------- Light Treads Compact Wheel > --- UTILITY ---------- Small Storage Unit Structural Scanner Improved Terrain Scanner Experimental Targeting Computer > --- WEAPON ----------- Medium Laser Light Assault Rifle > --- INVENTORY -------- Compact Wheel Compact Wheel ECM Suite Core Shielding Hardened Light Armor Plating Mining Laser [Rating: 16] Favorites ----------- Power Ion Engine Engine Ion Engine Propulsion Light Treads Treads Light Treads Leg Aluminum Leg Wheel Compact Wheel Utility Small Storage Unit Device Improved Terrain Scanner Storage Small Storage Unit Processor Experimental Targeting Computer Protection Hardened Light Armor Plating Weapon Assault Rifle Energy Gun EM Pulse Gun Ballistic Gun Assault Rifle Special Weapon Mining Laser Build | -11 -10 -9 -9 ------- Run | Yrd Mat Mat Sto Slots Evolved 2 | . . 2 . Power . | . . . . Propulsion . | . . . . Utility 2 | . . 2 . Weapon . | . . . . Parts Attached 18 | 2 5 6 5 Power 1 | . 1 . . Engine 1 | . 1 . . Core . | . . . . Reactor . | . . . . Propulsion 5 | 2 1 2 . Treads 2 | 1 . 1 . Leg . | . . . . Wheel 3 | 1 1 1 . Hover . | . . . . Flight . | . . . . Utility 6 | . 1 2 3 Device 4 | . 1 1 2 Storage . | . . . . Processor 1 | . . . 1 Hackware . | . . . . Protection 1 | . . 1 . Artifact . | . . . . Weapon 6 | . 2 2 2 Energy Gun 1 | . . 1 . Energy Cannon . | . . . . Ballistic Gun 3 | . 1 1 1 Ballistic Cannon . | . . . . Launcher . | . . . . Special Weapon 2 | . 1 . 1 Impact Weapon . | . . . . Slashing Weapon . | . . . . Piercing Weapon . | . . . . Special Melee Weapon . | . . . . Unidentified Prototypes 1 | . . . 1 Parts Lost 6 | . 2 2 2 Power 2 | . 1 . 1 Propulsion 1 | . . 1 . Utility 1 | . . . 1 Weapon 2 | . 1 1 . Highest Loss Streak 2 | . 1 1 2 To Critical Strikes . | . . . . Average Slot Usage (%) 81 | . 80 66 94 Engine 9 | . 10 11 8 Treads 11 | . 14 7 11 Wheel 12 | . 14 11 11 Device 9 | . 2 11 19 Storage 12 | . 14 11 11 Protection 2 | . . . 7 Energy Gun 10 | . 10 6 11 Ballistic Gun 11 | . 12 8 10 Peak Build Rating 16 | 6 8 12 16 Average Rating 7 | 5 6 8 12 On Entrance 8 | 6 6 8 12 Naked Turns . | . . . . Heaviest Build 20 | 12 14 20 20 Greatest Support 16 | 16 16 16 16 Greatest Overweight (x) 1 | . 1 1 1 Average Overweight (x) . | . . . . Largest Inventory Capacity 8 | 8 8 8 8 Average Capacity 8 | 8 8 8 8 Most Carried 7 | 6 7 7 6 Average Carried 5 | 4 5 6 5 Final Capacity 8 | 8 8 8 8 Final Carried 7 | 5 7 5 5 Class Distribution -------------------- 94% | Mutant 5% | Infiltrator-Mutant Dominant Class ---------------- Mutant | -10/Materials Mutant | -9/Materials Mutant | -9/Storage Resources | -11 -10 -9 -9 ----------- Run | Yrd Mat Mat Sto Matter Collected 449 | 235 95 91 28 Remotely . | . . . . Salvage Created 652 | 233 282 109 28 Parts 43 | 14 13 15 1 Haulers Intercepted . | . . . . Recyclers Shooed 2 | 1 . . 1 Parts Field Recycled . | . . . . Retrieved Matter . | . . . . Parts Self-Destructed . | . . . . Prevented . | . . . . Kills | -11 -10 -9 -9 ------- Run | Yrd Mat Mat Sto Combat Hostiles Destroyed 14 | . 9 5 . Guns 13 | . 8 5 . AOE 1 | . 1 . . Classes Destroyed 7 | 3 2 1 1 Worker 2 | 2 . . . Tunneler 4 | 4 . . . Recycler 1 | 1 . . . Watcher 1 | . . . 1 Swarmer 9 | . 5 4 . Grunt 4 | . 4 . . Sentry 1 | . . 1 . Best Kill Streak 4 | 3 4 4 1 Combat Bots Only 4 | . 4 4 . Max Kills in Single Turn 2 | 2 1 1 1 Gunslinging . | . . . . Exploded 1 | . 1 . . Melee . | . . . . Uniques/NPCs Destroyed . | . . . . Combat | -11 -10 -9 -9 -------- Run | Yrd Mat Mat Sto Hostile Shots Fired 103 | . 65 25 13 Missed 39 | . 25 8 6 Damage Taken 684 | . 404 189 91 Core 105 | . 68 14 23 Absorbed by Shields . | . . . . Regen/Repaired (Parts) 12 | . . . 12 Core Remaining (%) 86 | 100 72 . . Volleys Fired 72 | 12 40 16 4 Largest 2 | 2 2 2 2 Hottest 100 | 60 100 70 100 Shots Fired 123 | 24 70 22 7 Gun 115 | 24 63 22 6 Cannon . | . . . . Launcher . | . . . . Special 8 | . 7 . 1 Kinetic 54 | 12 33 6 3 Thermal 27 | . 7 16 4 Explosive . | . . . . Electromagnetic 42 | 12 30 . . Robot Hit Streak 16 | 3 5 12 16 Robot Miss Streak 6 | 2 6 3 1 Penetration Max . | . . . . Secondary Targets 3 | . 3 . . Max Gunslinging Chain 1 | . 1 . . Shots Hit Robots 64 | 13 31 16 4 Core Hits 28 | 7 13 6 2 Critical Kills . | . . . . Critical Parts Destroyed . | . . . . Critical Strikes 1 | . . . 1 Burn 1 | . . . 1 Melee Attacks . | . . . . Impact . | . . . . Slashing . | . . . . Piercing . | . . . . Sneak Attacks . | . . . . Combat Hostiles . | . . . . Follow-up Attacks . | . . . . Damage Inflicted 910 | 197 493 174 46 Guns 808 | 197 392 174 45 Cannons . | . . . . Explosions 101 | . 101 . . Melee . | . . . . Ramming 1 | . . . 1 Kinetic 328 | 127 155 38 8 Thermal 274 | . 101 136 37 Explosive . | . . . . Electromagnetic 307 | 70 237 . . Impact . | . . . . Slashing . | . . . . Piercing . | . . . . Highest Corruption 2 | . . . 2 Average Corruption 1 | . . . 1 Corruption Purged . | . . . . Corruption Blocked . | . . . . Effects 3 | . . . 3 Message Errors 1 | . . . 1 Matter Fused 1 | . . . 1 Data Loss (minor) 1 | . . . 1 Overload Shots . | . . . . Overflow Damage 29 | . 29 . . Projectiles . | . . . . Explosions 29 | . 29 . . Melee . | . . . . Knockbacks . | . . . . Impact . | . . . . Kinetic . | . . . . Secondary . | . . . . Self-Inflicted Damage 38 | . 38 . . Shots 1 | . 1 . . Rammed 1 | . . . 1 Targets Rammed 1 | . . . 1 Kicked . | . . . . Crushed . | . . . . Highest Temperature 124 | 20 60 124 34 Average Temperature 32 | 20 27 50 11 Received Heat Transfer 186 | . 96 72 18 Siege Activations . | . . . . Robots Corrupted . | . . . . Combat Hostiles . | . . . . Parts Fried . | . . . . Impact Corruptions . | . . . . Robots Melted . | . . . . Combat Hostiles . | . . . . Parts Melted 2 | . . . 2 Heat Transferred 742 | . 150 407 185 Parts Sabotaged . | . . . . Parts Stolen . | . . . . Parts Stripped . | . . . . Power Chain Reactions 2 | . 2 . . Alert | -11 -10 -9 -9 ------- Run | Yrd Mat Mat Sto Peak Influence 340 | 35 340 308 232 Initial 143 | . 22 143 130 Average 169 | 20 208 229 158 Maximum Alert Level 1 | . 1 1 1 Low Security (%) 66 | 100 56 42 78 Level 1 33 | . 43 57 21 Level 2 . | . . . . Level 3 . | . . . . Level 4 . | . . . . Level 5 . | . . . . High Security . | . . . . Max Security . | . . . . Squads Dispatched 4 | . 2 1 1 Investigation 2 | . 1 . 1 Extermination . | . . . . Reinforcement 2 | . 1 1 . Assault . | . . . . Garrison . | . . . . Intercept . | . . . . Searches Triggered . | . . . . Construction Impeded . | . . . . Haulers Reinforced . | . . . . Active Scanning Responses . | . . . . Cargo Convoy Interrupts . | . . . . Stealth | -11 -10 -9 -9 --------- Run | Yrd Mat Mat Sto Distress Signals 3 | . 2 . 1 Communications Jammed . | . . . . Distress Signals . | . . . . Times Spotted 37 | . 20 6 11 Peak Tracking Total 8 | . 5 5 8 Tactical Retreats 5 | . 2 1 2 Traps | -11 -10 -9 -9 ------- Run | Yrd Mat Mat Sto Traps Triggered 2 | . . . 2 Indirectly . | . . . . Trap Hack Attempts . | . . . . Triggered . | . . . . Disarmed . | . . . . Reprogrammed . | . . . . Reused . | . . . . Traps Extracted . | . . . . Installed . | . . . . Triggered . | . . . . Machines | -11 -10 -9 -9 ---------- Run | Yrd Mat Mat Sto Machines Disabled 1 | . 1 . . Max in Single Turn 1 | . 1 . . Machines Repaired . | . . . . Machines Dismantled . | . . . . Machines Sabotaged . | . . . . Overloaded Fab Kills . | . . . . Hacking | -11 -10 -9 -9 --------- Run | Yrd Mat Mat Sto Machines Accessed 7 | . 2 1 4 Terminals 6 | . 2 1 3 Fabricators . | . . . . Repair Stations 1 | . . . 1 Recycling Units . | . . . . Scanalyzers . | . . . . Garrison Access . | . . . . Total Hacks 21 | . 6 6 9 Successful 10 | . 2 1 7 Failed 11 | . 4 5 2 Catastrophic . | . . . . Database Lockouts . | . . . . Manual 7 | . 2 2 3 Terminals 18 | . 6 6 6 Fabricators . | . . . . Repair Stations 3 | . . . 3 Recycling Units . | . . . . Scanalyzers . | . . . . Garrison Access . | . . . . Terminal Hacks 6 | . 1 1 4 Open Door 2 | . . . 2 Locate Traps 2 | . 1 . 1 Recall Investigation 1 | . . . 1 Hauler Manifests 1 | . . 1 . Fabricator Hacks . | . . . . Repair Station Hacks 2 | . . . 2 Scan Component 1 | . . . 1 Repair 1 | . . . 1 Recycling Unit Hacks . | . . . . Scanalyzer . | . . . . Garrison Access Hacks . | . . . . Unauthorized Hacks 2 | . 1 . 1 Terminals 2 | . 1 . 1 Botnet 2 | . 1 . 1 Fabricators . | . . . . Repair Stations . | . . . . Recycling Units . | . . . . Scanalyzers . | . . . . Garrison Access . | . . . . Data Cores Recovered . | . . . . Used . | . . . . Hacking Detections 4 | . 1 1 2 Full Trace Events 1 | . . . 1 Feedback Events . | . . . . Feedback Blocked . | . . . . Robot Schematics Acquired . | . . . . Robots Built . | . . . . Authchips . | . . . . Time . | . . . . Total Robot Build Rating . | . . . . Part Schematics Acquired . | . . . . Parts Built . | . . . . Authchips . | . . . . Time . | . . . . Total Part Build Rating . | . . . . Parts Repaired 1 | . . . 1 Time 26 | . . . 26 Parts Recycled . | . . . . Recycled Matter . | . . . . Retrieved Matter . | . . . . Retrieved Components . | . . . . Parts Scanalyzed . | . . . . Part Schematics Acquired . | . . . . Parts Damaged . | . . . . Bothacking | -11 -10 -9 -9 ------------ Run | Yrd Mat Mat Sto Used RIF Installer . | . . . . Robots Hacked . | . . . . Non-combat . | . . . . Combat . | . . . . Robot Hacks Applied . | . . . . Relay Couplers Released . | . . . . Fabnet Peak Effective % . | . . . . Robots Rewired . | . . . . Allies Hacked . | . . . . Hacks Repelled . | . . . . Allies | -11 -10 -9 -9 -------- Run | Yrd Mat Mat Sto Total Allies . | . . . . Largest Group . | . . . . Highest-Rated Group . | . . . . Highest-Rated Ally . | . . . . Total Orders . | . . . . Ally Attacks . | . . . . Total Damage . | . . . . Kills . | . . . . Allies Corrupted . | . . . . Allies Melted . | . . . . Intel | -11 -10 -9 -9 ------- Run | Yrd Mat Mat Sto Robot Analysis Total . | . . . . Derelict Logs Recovered . | . . . . Drone Launches . | . . . . Drone Recoveries . | . . . . Exploration | -11 -10 -9 -9 ------------- Run | Yrd Mat Mat Sto Turns Passed 871 | 144 365 156 206 Spaces Moved 515 | 28 212 110 165 Core . | . . . . Treads . | . . . . Legs . | . . . . Wheels 515 | 28 212 110 165 Hover . | . . . . Flight . | . . . . Fastest Speed 95 | 100 95 95 100 Average Speed 103 | 100 98 100 111 Slowest Speed 115 | 100 100 115 115 Overloaded Moves . | . . . . Propulsion Burnouts . | . . . . Robots Hopped . | . . . . Cave-ins Triggered . | . . . . Exploration Rate (%) 23 | 3 48 11 32 Regions Visited 3 Branch Regions 1 Pre-discovered Areas . | . . . . Known Exits Taken . | . . . . Unknown Exits Taken 3 | 1 1 1 . Scrap Searched . | . . . . Spaces Dug 8 | . 7 . 1 Terrain Destroyed 10 | . 9 . 1 Melee . | . . . . Projectile 8 | . 7 . 1 AOE 2 | . 2 . . Terrain Rammed . | . . . . Walls Destroyed . | . . . . Machines Disabled . | . . . . Actions | -11 -10 -9 -9 --------- Run | Yrd Mat Mat Sto Total 712 | 121 282 133 176 Wait 101 | 77 23 1 . Move 512 | 27 211 109 165 Hop . | . . . . Pick Up 5 | 1 3 . 1 Fast Attach 5 | . . 4 1 Attach 7 | 2 2 2 1 Detach . | . . . . Swap 6 | . 3 . 3 Drop 3 | 2 . 1 . Fire 72 | 12 40 16 4 Melee . | . . . . Ram 1 | . . . 1 Kick . | . . . . Crush . | . . . . Escape Stasis . | . . . . Rewire . | . . . . Trap . | . . . . Miscellaneous . | . . . . Route ------- -11/Scrapyard -10/Materials (discovered 2 exits: *Mat / [*Min]) -9/Materials -9/Storage History --------- Turn | Location | Event 29 | -11/Scrapyard | Discovered new exit (range 3) 145 | -11/Scrapyard | Entered Materials 281 | -10/Materials | Discovered new exit (range 6) 347 | -10/Materials | Build established: Mutant 456 | -10/Materials | Discovered new exit (range 13) 510 | -10/Materials | Entered another Materials area 510 | -9/Materials | Evolved 2 slots: Utility x2 651 | -9/Materials | Discovered new exit (range 4) 666 | -9/Materials | Entered Storage 729 | -9/Storage | Repaired Structural Scanner? 773 | -9/Storage | Found Prototype Processor 817 | -9/Storage | Identified Exp. Targeting Computer 872 | -9/Storage | Self-destructed Last Messages --------------- >>Trojan(Botnet) Trojan loaded successfully. Testing... Terminal linked with 0 systems. Awaiting botnet instructions. 00816_ 5XU,LFZS&CY6MV>Open(Door) Sealed Heavy Doors opened. Map ----- +----------------------------------------------------+ | ????????????????????????????? | | ????????????????????????????? | | ????????????????????????????? | | ????????????????????????????? | | ????????????????????????????? | | ????????????????????????????? | | ????????????????????????????? | | ????????????????????????????? | | ????????????????????????????? | | ????????????????????????????? | | ????????????????????????????? | | ????????????????????????????? | | ????????????????????????????? | | ????????????????????????????? | | ????????????????????????????? | | ????????????????????????????? | | ?????????????????? ?????????? | | ?#??????????????## ?????????? | | ????????????????## ?????????? | | ???????????????? #### | | ???????????????## #####+#### | | ???????????????## # # | | ??#????????????## # """ss# | | ?????#?????## # """ # | | ??????????? # """ # | | ???????????? + s @ # | | #???????????## # """ # | | # #### ########## # """ # | | # ####+########## # g""" # | | # # ### # Y Y # | | # # ### ##+####### | | # # + ####### | | # # ######+###???? | | # # ###### T##???? | | + / ##??## ###???? | | # # ##??##[###???? | | # ####/#########??#####????? | | # =#########??#####????? | | " ##??????????????????? | | #/#### ##??????????????????? | | ## ##??????????????????? | | "" ## ##??????????????????? | | "" # #?#????????????????? | | "" / ??????????????????? | | # ???????????????? | | "" # ####???????????????? | | "" ## #####???????????????? | | "" ## ###?????????????????? | | ## ##??????????????????? | | ### ## ??????????????????? | +----------------------------------------------------+ Best States ------------- Heat Dissipation 28 Energy Generation 10 Energy Capacity 250 Matter Stores 300 Matter Capacity 300 Sight Range 16 Terrain Scan Range 16 Terrain Scan Density 10 ECM Strength 1 Armor Coverage 150 Evasion (%) 41 Targeting Accuracy 12 Item Schematics ----------------- None Robot Schematics ------------------ None Fabricated ------------ Nothing Alien Tech Used ----------------- None Achievements -------------- GoHome() Challenges ------------ None Game ------ Seed HardlightGammaMicrothruster Manual? 0 Play Time 00:17:52 Cumulative 19.2 hours Start 2024.11.19 @ 19:20:34 End 2024.11.19 @ 19:37:01 Sessions 1 Manual Loads 0 Difficulty Rogue Special Mode None Game No. 40 Rogue 37 Adventurer 3 Explorer 0 Win Type - Total 0 Types 0/0/0/0/0/0/0/0/0 Lore% 4 Gallery% 18 Achievement% 16 Wizard Run 0 Options --------- Layout 2 ASCII 0 Keyboard 0 Movement Arrows Keybinds 0 Fullscreen 1 Font 24/Terminus Map View 50x44 Zoom Use 0% Tactical HUD 1 Map Filters NONE Filters NONE Steam 1 RUN: e40e20b6-0afa-46bc-9d68-c55a45a34627